[Event "16th Serbian Championship 2022"]
[Site "Bajina Basta"]
[Date "2022.12.12"]
[Round "7.4"]
[White "Indjic, Aleksandar"]
[Black "Djordjevic, Vuk"]
[Result "1-0"]
[ECO "E27"]
[WhiteElo "2631"]
[BlackElo "2394"]
[Annotator "TA"]
[PlyCount "67"]
[EventDate "2022.12.06"]
[EventType "tourn"]
[EventCountry "SRB"]
[SourceTitle "playchess.com"]
[Source "ChessBase"]
[SourceQuality "1"]
[TimeControl "40/5400+30:1800+30"]

1. d4 Nf6 2. c4 e6 3. Nc3 Bb4 4. f3 d5 5. a3 Bxc3+ 6. bxc3 O-O 7. cxd5 Nxd5 (7... exd5 $11 8. e3 Bf5) 8. Bd2 $5 {[%emt 0:03:40][%mdl 4] Leaves trodden paths. E27: Nimzo-Indian: Sämisch: 5...0-0 6 f3.} (8. e4 $14 Ne7 9. Bd3) 8... Nb6 9. e4 {[%emt 0:02:06] Against e5} c5 10. dxc5 {[%emt 0:01:20] The position is equal.} N6d7 11. Be3 Qa5 12. Qb3 (12. Qb1 {keeps more tension.} Qxc3+ 13. Kf2 Nxc5 14. Qc1) 12... Na6 (12... Qc7 $5 ) 13. Bxa6 Qxa6 {[%emt 0:00:04] [#]} 14. Bd4 $146 {[%emt 0:03:36] Against Ne5} (14. Ne2 $11) ({Predecessor:} 14. a4 Ne5 15. Qb5 Qxb5 16. axb5 Bd7 17. Rb1 Rfc8 18. Ne2 Nd3+ 19. Kd2 Nxc5 20. c4 {½-½ (40) Fedoseev,V (2674)-Karjakin,S (2752) Moscow 2020}) 14... Qc6 $17 15. Ne2 Nxc5 16. Bxc5 Qxc5 17. Qb4 Qc7 (17... Qg5 $5 18. Kf2 b6 $15) 18. Rd1 b6 19. Qd6 Qc4 20. Rd4 Qb5 (20... Qa2 $5 ) 21. Kf2 Ba6 22. c4 Qh5 23. e5 Rac8 24. Ng3 Qg6 25. Rc1 {[%emt 0:00:00] Prevents Qc2+.} Qg5 {[%emt 0:00:52] Prevents Qe7.} 26. Rcd1 Rxc4 27. h4 Rxd4 28. Rxd4 ({But not} 28. hxg5 Rxd6 29. exd6 Rd8 $17) 28... Qc1 29. Nh5 {[%emt 0:00:00][%cal Oh5f6] Black must now prevent Nf6+!} Qh6 {[%emt 0:00:28][%mdl 8192] [#] Prevents Nf6+.} (29... Qc2+ $11 30. Kg1 Qc8) 30. Qe7 $1 $18 {[%emt 0:00:00] White wants to mate with Rd8.} g6 (30... f5 31. exf6) 31. Nf6+ {[%emt 0:00:00] White mates.} ({And not} 31. Qxa7 Qxh5 32. Qxa6 Qxe5 33. Qxb6 Rc8 34. Rd8+ Rxd8 35. Qxd8+ Kg7 $11) 31... Kg7 {[%emt 0:00:20] [#]} 32. Qxf8+ $3 Kxf8 33. Rd8+ Ke7 34. Re8# {[%emt 0:00:00] Weighted Error Value: White=0.12 (very precise) /Black=0.27 (precise)} 1-0

[Event "16th Serbian Championship 2022"]
[Site "Bajina Basta"]
[Date "2022.12.12"]
[Round "7.5"]
[White "Radovanovic, Nikola"]
[Black "Kovacevic, Aleksandar"]
[Result "0-1"]
[ECO "B51"]
[WhiteElo "2414"]
[BlackElo "2470"]
[Annotator "TA"]
[PlyCount "72"]
[EventDate "2022.12.06"]
[EventType "tourn"]
[EventCountry "SRB"]
[SourceTitle "playchess.com"]
[Source "ChessBase"]
[SourceQuality "1"]
[TimeControl "40/5400+30:1800+30"]

1. e4 c5 2. Nf3 d6 3. Bb5+ Nd7 4. d4 cxd4 5. Qxd4 a6 6. Be2 {[%emt 0:00:08] B51: Sicilian: Moscow Variation (3 Bb5+) without 3...Bd7.} Ngf6 7. O-O e6 (7... e5 $5 8. Qe3 Be7 $11) 8. c4 {[%emt 0:00:33] White is slightly better.} Be7 9. Nc3 O-O 10. h3 {[%emt 0:00:44] [#]} b6 $146 ({Predecessor:} 10... Qc7 11. Be3 b6 12. Rac1 Bb7 13. b4 Rac8 14. a3 Qb8 15. Nd2 Qa8 16. Qd3 Ne5 {1-0 (66) Efroimski,M (2429)-Dzagnidze,N (2531) Warsaw 2021}) 11. Rb1 Bb7 12. b4 Qc7 13. Be3 Rac8 14. Rfc1 Rfd8 15. Nd2 Nc5 {[%emt 0:13:20] [#]} 16. Bg5 (16. bxc5 $2 {too greedy.} dxc5 $19) (16. Nd5 $1 $16 exd5 17. cxd5 (17. bxc5 $2 {perishes.} dxc5 18. Qb2 d4 $19)) 16... e5 $14 17. Qe3 Ne6 {[%emt 0:00:26] Threatens to win with ...Nxg5.} 18. Bxf6 Bxf6 19. Nd5 (19. h4 $14) 19... Bxd5 $15 20. exd5 {[%emt 0:15:59] Black converts the advantage convincingly.} (20. cxd5 $15 Qxc1+ 21. Rxc1 Rxc1+ 22. Bf1) 20... Bg5 $36 {[%emt 0:00:53][%mdl 2048] Black has strong initiative.} 21. Qc3 {[%emt 0:00:25] [#]} Nf4 22. Qf3 {[%emt 0:08:12] [#]} (22. Bf1 $17) 22... Nxg2 $1 23. Kxg2 {[%emt 0:01:41] Hoping for Rd1.} Bxd2 24. Rc2 Bf4 25. c5 dxc5 ({Black should play} 25... bxc5 26. Bxa6 Rb8) 26. bxc5 bxc5 27. Bxa6 Qd6 28. Qd3 (28. Bxc8 $17 Qg6+ 29. Bg4 Qxc2 30. Rb6) 28... e4 $1 $19 (28... Qxd5+ $2 29. Qxd5 Rxd5 30. Bxc8 $18) 29. Qc4 (29. Qe2 {keeps fighting.} Ra8 30. Bc4) 29... Qg6+ 30. Kh1 Rb8 31. Rxb8 Bxb8 (31... Rxb8 $2 {loses.} 32. Bb5 $19) 32. Rc3 Qf6 {[%emt 0:05:12] ...Be5 is the strong threat.} 33. Kg2 (33. Re3 $142 Qxf2 34. Qe2 Qxe2 35. Rxe2) 33... Be5 34. Re3 (34. Rb3 $142 Bd4 35. Qe2) 34... Bd4 35. Re2 Qf3+ 36. Kh2 Bxf2 {[%emt 0:01:25] Weighted Error Value: White=0.73/Black=0.15 (very precise)} (36... Rd6 $142 37. Bc8 Rg6 38. Bg4 Be5+ 39. Kg1 Qxh3 40. f3 Qg3+ 41. Kf1 Rh6 42. Rf2 Bd4 43. Qxd4 cxd4 44. Ke2 Rb6 45. Rf1 Rb2+ 46. Kd1 Qg2 47. Rf2 Rxf2 48. fxe4 Qh1#) 0-1

[Event "16th Serbian Championship 2022"]
[Site "Bajina Basta"]
[Date "2022.12.13"]
[Round "8.1"]
[White "Martic, Ivan"]
[Black "Kovacevic, Aleksandar"]
[Result "0-1"]
[ECO "E51"]
[WhiteElo "2270"]
[BlackElo "2470"]
[Annotator "TA"]
[PlyCount "79"]
[EventDate "2022.12.06"]
[EventType "tourn"]
[EventCountry "SRB"]
[SourceTitle "playchess.com"]
[Source "ChessBase"]
[SourceQuality "1"]
[TimeControl "40/5400+30:1800+30"]

1. d4 Nf6 2. c4 e6 3. Nf3 d5 4. Nc3 Bb4 5. e3 O-O 6. Bd2 b6 7. cxd5 exd5 8. Bd3 {[%emt 0:00:07] E51: Nimzo-Indian: Rubinstein: 4...0-0 5 Nf3 d5.} Bd6 9. Rc1 c5 10. O-O {[%emt 0:07:17] The position is equal.} Bb7 {[%emt 0:06:39] Prevents e4.} 11. Ne5 Nc6 12. f4 cxd4 13. Nxc6 Bxc6 14. exd4 Qd7 15. f5 Rfe8 {[%emt 0:07:43] [#]} 16. Kh1 $146 (16. Bg5 $5 ) ({Predecessor:} 16. Bf4 Rac8 17. Qd2 Ne4 18. Bxe4 dxe4 19. Bxd6 e3 20. Qd3 Qxd6 21. Rfe1 Qf4 22. Re2 {½-½ (59) Iljin,T (2314)-Kotsur,P (2517) Cheliabinsk 2021}) 16... b5 17. Bf4 (17. Bg5 $15) 17... Bxf4 $17 18. Rxf4 b4 19. Ne2 Bb5 20. Bxb5 Qxb5 21. Ng3 Rac8 22. Rf1 {[%emt 0:03:23] Loses the game.} (22. Ra1 $17 {was necessary.}) 22... Rxc1 $19 23. Qxc1 Qa6 24. a3 bxa3 25. bxa3 Qd3 26. Rd1 Qb3 {[%emt 0:00:09] Black is much more active.} 27. Rf1 h6 28. Qc5 (28. Rf3 $17 Qa4 29. Qd2) 28... h5 {[%emt 0:01:00] Threatens to win with ...h4.} 29. Qc6 Qd3 {[%emt 0:03:54] Hoping for ...h4.} ({Not} 29... Qxa3 {[#]} 30. Nxh5 $1 Qe7 31. Nxf6+ gxf6 32. h3 $14 (32. Qxd5 Qb4 $11)) 30. Rc1 Rb8 {[%emt 0:01:47] And now ...Rb1 would win.} ({Weaker is} 30... Qxd4 31. Nxh5 Re3 32. Nxf6+ gxf6 33. Qd6 $17) 31. Qc7 Rb1 {[%emt 0:02:00] ( -> ...Qd1+)} 32. Qf4 Rxc1+ 33. Qxc1 Qxd4 {[%emt 0:00:08][%mdl 4096] Endgame KQN-KQN} 34. Ne2 Qd3 35. Ng1 Qxf5 36. Nf3 Qd7 37. Qf4 Ne4 38. h3 Qd6 39. Qc1 {[%emt 0:00:48] [#]} (39. Qe3 $19) 39... Ng3+ 40. Kg1 {[%emt 0:03:11] Weighted Error Value: White=0.46/Black=0.07 (flawless)} 0-1

[Event "16th Serbian Championship 2022"]
[Site "Bajina Basta"]
[Date "2022.12.13"]
[Round "8.2"]
[White "Djordjevic, Vuk"]
[Black "Radovanovic, Nikola"]
[Result "0-1"]
[ECO "D00"]
[WhiteElo "2394"]
[BlackElo "2414"]
[Annotator "TA"]
[PlyCount "66"]
[EventDate "2022.12.06"]
[EventType "tourn"]
[EventCountry "SRB"]
[SourceTitle "playchess.com"]
[Source "ChessBase"]
[SourceQuality "1"]
[TimeControl "40/5400+30:1800+30"]

1. d4 Nf6 2. Bg5 g6 3. Bxf6 exf6 4. e3 d5 5. g3 c6 6. Bg2 {[%emt 0:01:02] D00: 1 d4 d5: Unusual lines.} Bd6 7. Ne2 h5 8. h4 {[%emt 0:01:36] The position is equal.} Nd7 9. Qd3 {[%emt 0:07:39] [#]} Nb6 $146 ({Predecessor:} 9... f5 10. Nd2 Nf6 11. b3 Ne4 12. c3 O-O 13. Kf1 a5 14. Bf3 b6 15. c4 Bb4 16. Bxe4 fxe4 {0-1 (53) Doric,D (2484)-Chigaev,M (2588) Chess.com INT 2020}) 10. Nd2 Kf8 11. b3 Kg7 12. a3 Bf5 $1 13. e4 dxe4 14. Bxe4 Bg4 15. O-O Qd7 16. Rfe1 Rae8 17. Bf3 Re7 18. Bxg4 hxg4 19. Ne4 {[%emt 0:02:19] [#]} Rhe8 $1 20. Nxd6 Qxd6 21. Kf1 Nd5 {[%emt 0:13:35][%cal Od5e3] Threatens to win with ...Ne3+! Black has more active pieces.} (21... Qd5 {simplifies} 22. Ng1 Rxe1+ 23. Rxe1 Rxe1+ 24. Kxe1 Qa5+) 22. c4 {[%emt 0:04:04] [#]} (22. Qd2 $17 {was necessary.}) 22... Ne3+ $1 $19 23. fxe3 (23. Kg1 Nf5) 23... Rxe3 24. Qd2 {[%emt 0:03:45] aiming for Nf4.} (24. Qb1 $2 Rf3+ 25. Kg1 Ree3 $19) 24... Rf3+ ({Better is} 24... Rxb3 $17 {[%cal Oe8e3] And now ...Ree3! would win.} 25. Kg2 Ree3) 25. Kg1 $15 Ree3 $1 26. Rab1 $2 {[%emt 0:01:38][%mdl 8192] White does not recover from this.} (26. Kh1 $15) 26... Rxg3+ $19 {[%emt 0:02:36] Black is clearly winning.} ({Weaker is} 26... Rxb3 27. Rxb3 Rxb3 28. a4 $14) 27. Nxg3 Qxg3+ 28. Kf1 Qf4+ (28... Rxb3 29. Rxb3 Qxb3 30. Qe3 Qxc4+ 31. Kf2 $16) 29. Qf2 Rf3 ({Not} 29... Qxd4 30. Qxe3 Qxe3 31. Rxe3 $18) 30. Rb2 Qxd4 {[%emt 0:00:23][%mdl 64] Pin} 31. Kg2 Rxf2+ 32. Rxf2 f5 33. h5 f4 {[%emt 0:00:41] Weighted Error Value: White=0.76/Black=0.07 (flawless)} 0-1

[Event "16th Serbian Championship 2022"]
[Site "Bajina Basta"]
[Date "2022.12.13"]
[Round "8.3"]
[White "Ivic, Velimir"]
[Black "Indjic, Aleksandar"]
[Result "1-0"]
[ECO "E24"]
[WhiteElo "2560"]
[BlackElo "2631"]
[Annotator "TA"]
[PlyCount "79"]
[EventDate "2022.12.06"]
[EventType "tourn"]
[EventCountry "SRB"]
[SourceTitle "playchess.com"]
[Source "ChessBase"]
[SourceQuality "1"]
[TimeControl "40/5400+30:1800+30"]

1. d4 Nf6 2. c4 e6 3. Nc3 Bb4 4. a3 Bxc3+ 5. bxc3 c5 6. f3 Nc6 7. e4 d6 8. Be3 b6 9. Bd3 Na5 {[%emt 0:11:11] E24: Nimzo-Indian: Sämisch: Unusual Black 5th moves and 5...c5 sidelines.} 10. Ne2 Ba6 11. O-O Nd7 {[%emt 0:01:11] Black is slightly better.} 12. f4 Bxc4 13. f5 {[%emt 0:00:11] [#]} e5 $146 ({Predecessor:} 13... exf5 14. Ng3 fxe4 15. Nxe4 O-O 16. Nxd6 Bxd3 17. Qxd3 Nc6 18. Rae1 cxd4 19. cxd4 Nf6 {1-0 (58) Giri,A (2764)-Praggnanandhaa,R (2678) chess24.com INT 2022}) 14. f6 g6 (14... Nxf6 $2 15. Bxc4 Nxc4 16. Qa4+ Qd7 17. Qxc4 $18) 15. Bxc4 Nxc4 16. Bh6 Qc7 (16... Nxf6 $2 17. Bg5 $18) 17. a4 Rg8 18. dxe5 Ndxe5 19. Nf4 $1 Qd7 (19... Ne3 {keeps more tension.} 20. Ne6 fxe6 21. Bxe3 Rf8) 20. Nd5 {[%emt 0:00:57] Inhibits Ne3.} Qg4 21. Qc2 (21. Qb3 $14) 21... Kd7 (21... g5 $142) 22. Bf4 $11 {[%emt 0:06:49][%mdl 1024] White has compensation.} Rgc8 23. h3 (23. Qb3 {with more complications.} Rab8 24. Ne7 Re8 25. h3) 23... Qe6 24. Qe2 {[%emt 0:04:37] Hoping for Bxe5.} Na5 (24... Rab8 $11) 25. Qb5+ $14 Rc6 (25... Kd8 $16) 26. Ne7 ({Better is} 26. Rad1 $18) 26... a6 $16 27. Qe2 {[%emt 0:00:12] White is much more active.} Nac4 28. Rad1 ({White should try} 28. Rab1) 28... Rc7 $2 {[%emt 0:01:07][%mdl 8192] [#] This costs Black the game.} (28... Rcc8 $16 {holds on.}) 29. Bxe5 $1 $18 {[%emt 0:11:04] White is clearly winning.} ({Not} 29. Nd5 Rb7 $16) 29... Nxe5 {[%emt 0:00:12] [#]} 30. Rxd6+ $3 Qxd6 31. Rd1 {[%emt 0:00:05] Prevents c4.} c4 {[%emt 0:00:41] White must now prevent ...Nd3.} 32. Rxd6+ Kxd6 33. Qe3 Rc5 34. Qd4+ Ke6 35. a5 Rb8 36. axb6 Ra5 37. Nd5 Rb7 38. Nc7+ Kxf6 39. Qd8+ Kg7 40. Ne8+ {[%emt 0:00:04] Weighted Error Value: White=0.15 (very precise) /Black=0.42} 1-0

[Event "16th Serbian Championship 2022"]
[Site "Bajina Basta"]
[Date "2022.12.13"]
[Round "8.4"]
[White "Perunovic, Milos"]
[Black "Ivanisevic, Ivan"]
[Result "1/2-1/2"]
[WhiteElo "2541"]
[BlackElo "2533"]
[Annotator "TA"]
[PlyCount "27"]
[EventDate "2022.12.06"]
[EventType "tourn"]
[EventCountry "SRB"]
[SourceTitle "playchess.com"]
[Source "ChessBase"]
[SourceQuality "1"]
[TimeControl "40/5400+30:1800+30"]

1. e4 c5 2. Nf3 d6 3. d4 cxd4 4. Nxd4 Nf6 5. Nc3 Bd7 6. Bg5 e6 7. Ndb5 {[%emt 0:00:06] B56: Classical Sicilian: Unusual Lines.} Bxb5 {[%emt 0:00:30] is cutting edge theory.} 8. Bxb5+ Nc6 9. O-O Be7 {[%emt 0:00:07] [#] Black did not feel at home in the position after the opening.   Weighted Error Value: White=0.12 (very precise) /Black=0.03 (flawless)} {Predecessor:} 10. Qd2 $146 O-O 11. Rad1 Rc8 12. Bf4 Ne5 13. Rfe1 Qa5 14. Nd5 {1-0 (55) Lobanov,S (2516)-Kollars,D (2586) Chess.com INT 2020} 1/2-1/2

[Event "16th Serbian Championship 2022"]
[Site "Bajina Basta"]
[Date "2022.12.13"]
[Round "8.5"]
[White "Bogosavljevic, Boban"]
[Black "Perunovic, Miodrag"]
[Result "1-0"]
[ECO "A26"]
[WhiteElo "2521"]
[BlackElo "2417"]
[Annotator "TA"]
[PlyCount "67"]
[EventDate "2022.12.06"]
[EventType "tourn"]
[EventCountry "SRB"]
[SourceTitle "playchess.com"]
[Source "ChessBase"]
[SourceQuality "1"]
[TimeControl "40/5400+30:1800+30"]

1. Nf3 Nf6 2. g3 g6 3. Bg2 Bg7 4. O-O O-O 5. c4 d6 6. Nc3 e5 7. d3 Nc6 8. Rb1 a5 9. a3 h6 10. b4 axb4 11. axb4 Be6 12. Nd2 d5 13. b5 {[%emt 0:03:12] A26: English Opening vs King's Indian with ...Nc6 and d3.} Ne7 14. Bb2 c6 15. Ra1 {[%emt 0:28:55] The position is equal.} Qc7 16. Qb3 {[%emt 0:12:31] [#]} Rfd8 $146 ({Predecessor:} 16... Rfc8 17. Rfc1 Qd8 18. Rd1 Rxa1 19. Rxa1 Nf5 20. Qd1 e4 21. dxe4 Nxe4 22. Ndxe4 dxe4 23. Bxe4 {½-½ (71) Matjushin,G (2416)-Golubka,P (2260) Simferopol 2003}) 17. b6 Qb8 18. Rxa8 Qxa8 19. Ra1 Qb8 20. Qb4 Nf5 21. cxd5 Nxd5 22. Nxd5 cxd5 23. Ra7 Nd6 (23... Qc8 $11) 24. Qa5 $16 {[%emt 0:00:57] White has more active pieces.} Nc8 25. Ra8 Qd6 26. Ba3 $36 {[%emt 0:00:11][%mdl 2048] White is pushing.} Qc6 27. Qc5 Qxc5 28. Bxc5 Bf8 {[%emt 0:00:02] [#]} (28... Bf6 $11 {keeps the balance.}) 29. Nb3 $1 Bf5 $2 (29... Bxc5 $16 {is a better defense.} 30. Nxc5 Rf8) 30. Rb8 $18 Kg7 (30... Bxc5 {keeps fighting.} 31. Nxc5 Rd6) 31. Rxb7 (31. d4 $142) 31... Bxc5 32. Nxc5 {[%emt 0:00:03] Threatens to win with Rb8.} Rd6 $2 (32... Nd6 $16) 33. Na4 {[%emt 0:01:17][%cal Ob7f7] [#] aiming for Rxf7+!} Bd7 34. Rc7 {[%emt 0:00:32] Weighted Error Value: White=0.16 (very precise) /Black=0.41} 1-0

[Event "16th Serbian Championship 2022"]
[Site "Bajina Basta"]
[Date "2022.12.14"]
[Round "9.1"]
[White "Perunovic, Miodrag"]
[Black "Martic, Ivan"]
[Result "1-0"]
[ECO "C46"]
[WhiteElo "2417"]
[BlackElo "2270"]
[Annotator "TA"]
[PlyCount "53"]
[EventDate "2022.12.06"]
[EventType "tourn"]
[EventCountry "SRB"]
[SourceTitle "playchess.com"]
[Source "ChessBase"]
[SourceQuality "1"]
[TimeControl "40/5400+30:1800+30"]

1. e4 e5 2. Nf3 Nc6 3. Nc3 g6 4. h4 Bg7 5. Bc4 Na5 6. Be2 {[%emt 0:02:33] [#] C46: 3 Nc3: Unusual Black 3rd moves.} Nf6 $146 ({Predecessor:} 6... d6 7. d4 Bg4 8. d5 c5 9. Bg5 f6 10. Be3 Ne7 11. Nd2 Bd7 12. h5 a6 {1-0 (46) Babikov,I (2273)-Granovskiy,A (2288) Moscow 2014}) 7. d4 exd4 8. Nxd4 {[%emt 0:00:09] White is slightly better.} Nc6 {[%emt 0:10:27] Prevents e5.} 9. Be3 O-O 10. h5 Re8 11. hxg6 hxg6 12. Bg5 {[%emt 0:07:36] [#] Hoping for Nxc6.} d6 (12... d5 $11) 13. Nxc6 {[%emt 0:03:33] White is more active.} (13. Nf3 $16) 13... bxc6 $11 14. Qd2 Rb8 15. Rh4 Rxb2 (15... Qe7 $11 {keeps the balance.}) 16. O-O-O $36 {[%emt 0:00:21][%mdl 2048] White fights for an advantage.} Bf5 $2 {[%emt 0:09:45][%mdl 8192] This costs Black the game.} 17. exf5 $18 ({Not} 17. Kxb2 Qb8+ 18. Ka3 (18. Bb5 $2 Nxe4 19. Rxe4 Bxe4 $19) 18... Nxe4 19. Rxe4 Bxe4 $18) 17... Qb8 {[%emt 0:04:13][%cal Of6e4] White must now prevent ...Ne4!} 18. Rdh1 $2 (18. Bh6 {Intending Bxg7 and mate.} Rxe2 19. Qxe2) 18... Nd5 $2 (18... Ne4 19. Rxe4 Rxe4) 19. f6 $1 (19. Nxd5 $2 Rb1#) 19... Nb4 20. Kd1 (20. Kxb2 {is a self mate.} Nd3+ 21. Ka3 Qb2+ 22. Ka4 Nc5+ 23. Ka5 Qb6#) (20. Bc4 $142 Re4 21. Nxe4 Nd5 22. Bb3 (22. fxg7 $2 Rb1#) 22... Rxb3 23. cxb3 Qd8 {[#]} 24. Qxd5 $3 cxd5 25. Rh7) 20... Nxa2 21. Nxa2 Rxa2 22. fxg7 Ra1+ 23. Qc1 Rxc1+ 24. Kxc1 f6 25. Rh8+ Kf7 26. Rxe8 Qxe8 27. Rh8 {[%emt 0:00:02] Weighted Error Value: White=0.46/Black=0.74} 1-0

[Event "16th Serbian Championship 2022"]
[Site "Bajina Basta"]
[Date "2022.12.14"]
[Round "9.2"]
[White "Ivanisevic, Ivan"]
[Black "Bogosavljevic, Boban"]
[Result "0-1"]
[ECO "D78"]
[WhiteElo "2533"]
[BlackElo "2521"]
[Annotator "TA"]
[PlyCount "114"]
[EventDate "2022.12.06"]
[EventType "tourn"]
[EventCountry "SRB"]
[SourceTitle "playchess.com"]
[Source "ChessBase"]
[SourceQuality "1"]
[TimeControl "40/5400+30:1800+30"]

1. Nf3 d5 2. g3 g6 3. Bg2 Bg7 4. d4 c6 5. c4 Nf6 6. Na3 O-O 7. O-O Bf5 8. Bf4 {[%emt 0:00:12] D78: Fianchetto Grünfeld: 6 0-0 c6.} Qb6 9. Qc1 Nbd7 10. Rd1 {[%emt 0:01:27] The position is equal.} Be4 11. c5 {[%emt 0:17:14] [#]} Qa6 $146 ({Predecessor:} 11... Qa5 12. Nb1 Bxf3 13. exf3 Nh5 14. Bd2 Qc7 15. g4 Nhf6 16. Bf4 e5 17. Bg3 Ne8 {1-0 (46) Nikolic,P (2574)-Chittka,J (2319) Germany 2019}) 12. Bf1 b5 13. Nh4 Nh5 (13... b4 {simplifies} 14. Nc2 Bxc2 15. Qxc2 Qb7) 14. Bh6 b4 15. Bxg7 (15. Nb1 {seems wilder.} Bxb1 16. Bxg7 Nxg7 17. e4) 15... Nxg7 16. Nc2 Qc4 17. Rd2 {[%emt 0:14:56] Threatens to win with e3.} Bxc2 18. e3 (18. e4 $5 Bd3 $8 19. Bxd3 Qxc1+ 20. Rxc1 $14) 18... Bd3 19. Rxd3 Qxc1 20. Rxc1 a5 21. a3 Rfb8 22. Ra1 (22. Bh3 $5 e6 23. a4 $11) 22... e5 23. Rdd1 (23. f4 $11) 23... bxa3 (23... exd4 {simplifies} 24. exd4 bxa3 25. bxa3 Ne6) 24. bxa3 Rb2 25. Rab1 Rab8 26. Rxb2 Rxb2 27. Ba6 (27. e4 $11 {keeps the balance.}) 27... e4 28. Ng2 g5 29. Ne1 Nf6 30. h3 Ne6 31. Rc1 ({White should play} 31. Kf1 $1 $15) 31... Nc7 $36 {[%emt 0:03:06][%mdl 2048] White is under strong pressure. Black has more active pieces.} 32. Bc8 (32. Bf1 $17 {only move.}) 32... Rb8 $1 $19 33. Bf5 {[%emt 0:00:20] [#]} Rb3 ({Better is} 33... Nce8 $1 $19 34. g4 Ng7) 34. a4 Na6 35. g4 (35. Nc2 $17) 35... h6 (35... Nb4 $19 {and Black stays clearly on top.} 36. h4 gxh4) 36. h4 (36. Nc2 $17 {was worth a try.}) 36... Nb4 (36... gxh4 37. Ng2 $17) 37. hxg5 (37. Kh2 {might work better.}) 37... hxg5 38. Kg2 Kg7 39. Kg3 Ra3 (39... Na2 $17 40. Ra1 Nc3) 40. Rb1 {[%emt 0:00:46] Loses the game.} (40. Nc2 $1 $11 Rc3 41. Nxb4 Rxc1 42. Nxc6) 40... Rxa4 41. f4 {[%emt 0:30:24] [#]} gxf4+ 42. Kxf4 Ra2 {[%emt 0:01:50] ...Re2 is the strong threat.} 43. Ke5 (43. Kg3 $17) 43... Rf2 44. Kd6 Kh6 (44... Rf1 45. Ra1 $17) 45. Ra1 Re2 {[%emt 0:00:20] And now ...Kg5 would win.} 46. Kc7 $2 (46. Bc8) 46... Kg5 (46... Rxe3 $2 {perishes.} 47. Kb6 $19) 47. Kb6 (47. Bc8 $142 Nxg4 48. Bd7) 47... Nxg4 {[%emt 0:00:54] Pair of Knights!} ({And not} 47... Rxe3 48. Kxa5 Nd3 49. Nxd3 Rxd3 50. Kb6 $17) 48. Bd7 Nxe3 ({Weaker is} 48... Rxe3 49. Bxc6 Rc3 50. Bb5 $17) 49. Bxc6 f5 {[%emt 0:00:58][%cal Bf7f5,Bf5f4][%mdl 32] Strongly threatening ...Nxc6.} 50. Bb5 Rb2 51. Kxa5 f4 52. Ka4 Na2 {[%emt 0:01:26] Hoping for ...Nc3+.} 53. Ba6 Nc3+ 54. Ka3 Rb8 55. Rc1 Ra8 56. Rxc3 Rxa6+ 57. Kb4 {[%emt 0:00:07] [#]} f3 $1 {[%emt 0:00:51] Weighted Error Value: White=0.67/Black=0.11 (very precise)} 0-1

[Event "16th Serbian Championship 2022"]
[Site "Bajina Basta"]
[Date "2022.12.14"]
[Round "9.3"]
[White "Indjic, Aleksandar"]
[Black "Perunovic, Milos"]
[Result "1-0"]
[ECO "D11"]
[WhiteElo "2631"]
[BlackElo "2541"]
[Annotator "TA"]
[PlyCount "71"]
[EventDate "2022.12.06"]
[EventType "tourn"]
[EventCountry "SRB"]
[SourceTitle "playchess.com"]
[Source "ChessBase"]
[SourceQuality "1"]
[TimeControl "40/5400+30:1800+30"]

1. d4 d5 2. c4 c6 3. Nf3 Nf6 4. Qc2 g6 5. Bf4 dxc4 6. Qxc4 Bg7 7. Nbd2 {[%emt 0:00:07] D11: Slav Defence: 3 Nf3 sidelines and 3...Nf6 4 e3 Bg4.} Bf5 {[%emt 0:16:04] Against e4 is the legacy move (7...0-0).} 8. e3 O-O 9. Be2 {[%emt 0:01:00] The position is equal.} Nbd7 10. O-O (10. Qb3 $5 ) 10... Rc8 11. Qb3 {[%emt 0:05:57] [#]} c5 $146 ({Predecessor:} 11... Nb6 12. Rac1 Ne4 13. Nxe4 Bxe4 14. Rfd1 Nd5 15. Bg5 h6 16. Bh4 g5 17. Bg3 Qb6 {½-½ (82) Gausel,E (2522)-Hole,O (2336) Sandnes 2005}) 12. Qxb7 cxd4 13. exd4 Qb6 14. Ba6 {[%emt 0:02:51] Hoping for Qxb6.} (14. Qxb6 {simplifies} Nxb6 15. Rac1 Nfd5 16. Bg3) 14... Rc2 15. b3 Nd5 16. Bg3 Nb4 (16... Qxb7 {simplifies} 17. Bxb7 Nc3 18. Kh1 Ne2) 17. Nc4 $1 Qxa6 (17... Qxb7 {simplifies} 18. Bxb7 Rxa2 19. Rxa2 Nxa2 20. Re1 Bf6) 18. Qxb4 Rxa2 19. Rxa2 Qxa2 20. Ne3 Bd3 21. Re1 e6 {[%emt 0:05:51] Prevents Nd5.} (21... Nf6 $14) 22. Qc3 $2 (22. Qb7 $1 $18 ) 22... Qa6 (22... Bb5 $11 {remains equal.}) 23. Ra1 $16 Qb5 (23... Rc8 $142 24. Nc4 Bxc4 25. Rxa6 Bxa6) 24. Rxa7 Nf6 25. Ne5 $1 $36 {[%emt 0:01:32][%mdl 2048] White has strong initiative.} Be4 26. f3 Qb6 27. Ra5 {[%emt 0:01:56] aiming for N3c4.} Nd5 {[%emt 0:00:38] [#]} 28. Nxd5 Bxd5 {[%emt 0:00:04] A strong pair of Bishops.} 29. b4 Rb8 {[%emt 0:01:23] [#]} (29... Qd8 $16 {is a better defense.}) 30. Rc5 $1 $18 {[%emt 0:00:08] Threatens to win with Nd7.} Qa6 (30... h5 $142) 31. h4 {[%emt 0:00:17][%cal Ob4b5] Strongly threatening b5!} Bf8 $2 {[%emt 0:00:35] Inhibits b5.} (31... Rf8 {might work better.} 32. Nd7 Rd8) 32. Nd7 Ra8 (32... Bxc5 $2 33. dxc5 (33. Bxb8 Be7 $14) 33... Ra8 34. Nf6+ Kh8 35. Nxd5+) 33. Nf6+ Kh8 $2 {[%emt 0:01:52] [#]} (33... Kg7) 34. Be5 $1 Qa1+ (34... Bg7 35. b5) 35. Kh2 {[%emt 0:00:08] Intending Rc8 and mate. Active counter play!} Bxc5 36. Nxd5+ {[%emt 0:00:16] Weighted Error Value: White=0.13 (very precise) /Black=0.54} (36. Ng4+ $142 Kg8 37. Nh6+ Kf8 38. Qxc5+ Ke8 39. Ng8 Qg1+ 40. Kxg1 Ra1+ 41. Kh2 Rh1+ 42. Kxh1 Kd8 43. Qe7+ Kc8 44. Qc7#) 1-0